 Zot Defence DCSS version 0.15.2 (webtiles) character file.

20872 hexophile the Severer (level 12, -8/83 HPs)
             Began as a Demonspawn Fighter on Sept 5, 2015.
             Was a High Priest of Okawaru.
             Killed by the air
             ... invoked by Gastronok
              (28 damage)
             ... in the Realm of Zot (Scenario III: Two or Three?).
             The game lasted 00:07:24 (2450 turns).

hexophile the Severer (Demonspawn Fighter)          Turns: 2450, Time: 00:07:24

HP  -8/83        AC  7     Str 20      XL: 12   Next: 49%
MP  12/12        EV  6     Int 12      God: Okawaru [*****.]
Gold 0           SH  9     Dex 14      Spells:  0 memorised, 11 levels left

rFire  . . .     SeeInvis .     a - +0 war axe (curse)
rCold  . . .     Clarity  .     b - +0 scale mail
rNeg   . . .     rCorr    .     c - +0 shield
rPois  .         rRot     .     (helmet restricted)
rElec  .         Spirit   .     (no cloak)
SustAb .         Warding  .     (no gloves)
rMut   .         Stasis   .     (no boots)
Gourm  .                        (no amulet)
MR     .....                    (no ring)
                                (no ring)

@: not resistant to hostile enchantments, fairly stealthy
A: antennae 1, thin skeletal structure 1, nightstalker 3, powered by death 1
a: Make oklob sapling, Make arrow trap, Make plant, Remove Curse, Make burning
bush, Make altar, Make grenades, Make oklob plant, Make net trap, Make ice
statue, Make spear trap, Make alarm trap, Make mushroom circle, Heroism,
Finesse, Renounce Religion


You were in the Realm of Zot.
You worshipped Okawaru.
Okawaru was extremely pleased with you.
You were not hungry.

You visited 1 branch

Inventory:

Hand weapons
 a - a cursed +0 war axe (weapon)
Armour
 b - a +0 scale mail (worn)
 c - a +0 shield (worn)
Comestibles
 f - a bread ration
Scrolls
 k - a scroll of blinking
Potions
 d - 3 potions of curing
 e - a potion of might
 g - a potion of heal wounds
 h - a potion of haste
 i - 2 potions of magic
 j - a potion of berserk rage


   Skills:
 - Level 4.0 Fighting
 + Level 17.5 Axes
 - Level 3.8 Armour
 - Level 3.4 Shields


You had 11 spell levels left.
You didn't know any spells.

Dungeon Overview and Level Annotations

Branches:
    Zot (1/1)

Altars:
Okawaru

Annotations:
Zot Gastronok, Joseph


Innate Abilities, Weirdness & Mutations

You have a pair of small antennae on your head.
You have a somewhat thin skeletal structure (Dex +2, Stealth).
You are completely attuned to the shadows.
You can steal the life force of nearby defeated enemies.


Message History

Gastronok waves his eye-stalks in wide circles.
The air twists around and strikes you!
* * * LOW HITPOINT WARNING * * *
Joseph says, "You will never get the ORB, sorry."
You are too injured to fight recklessly!
Unknown command.
You hit the gnoll.
The gnoll is heavily wounded.
You barely miss Joseph.
Joseph is lightly wounded.
You hit the gnoll.
You kill the gnoll!
Okawaru accepts your kill.
The warg stops to sniff the ground.
Unknown command.
You are too injured to fight recklessly!
Unknown command.
Gastronok waves his eye-stalks in wide circles.
The air twists around and strikes you!
You die... .▓▓.....▓.................▓.....▓ .▓▓▓....▓.................▓....▓▓ .▓▓▓▓▓▓▓▓▓▓▓▓▓▓▓▓▓▓▓▓▓▓▓▓▓▓▓▓▓▓▓▓ .....▓▓▓ ▓▓▓▓▓▓▓▓▓ ▓▓▓... ▓▓▓....▓▓▓ ▓▓JJJJJJr▓▓

▓▓▓....▓
▓▓▓▓▓....▓▓▓▓.oogJwzgr▓▓▓▓....▓▓▓
∆∆▓ ▓▓▓....▓...g@hOOgg.▓....▓▓▓ ▓
∆∆▓ ▓▓▓......)ggggg.....▓▓▓ ▓ ∆▓▓
▓▓▓.....@)......▓▓▓ ▓
∆▓▓▓▓▓▓▓▓▓▓▓▓...._....▓▓▓▓▓▓▓▓▓▓▓
∆∆∆∆∆(▓▓▓▓▓▓▓▓.......▓▓▓▓▓▓▓▓∆∆∆∆
∆▓▓▓▓▓▓▓▓▓▓▓▓.........▓▓▓▓▓▓▓▓▓▓▓
∆▓▓ ▓▓▓.............▓▓▓ ▓ ∆∆▓
▓▓▓.................▓▓▓ ▓ ∆∆▓
▓▓▓.....................▓▓▓ ▓
▓▓▓▓▓.........................▓▓▓
▓▓▓.............................▓


You could see Gastronok, Joseph, 4 titanic slime creatures, 2 enormous slime
creatures, a slime creature, a two-headed ogre, a warg, an orc warrior, an ogre,
3 gnoll sergeants, a wight, 6 gnolls and an orc.

Vanquished Creatures
  A naga sharpshooter (Zot)
  An ogre mage (Zot)
  4 hill giants (Zot)
  2 ugly things (Zot)
  A raven (Zot)
  2 two-headed ogres (Zot)
  3 slime creatures (Zot)
  2 deep elf magi (Zot)
  A vampire (Zot)
  2 vampire mosquitoes (Zot)
  A yak (Zot)
  Grum (Zot)
  A hippogriff (Zot)
  2 wargs (Zot)
  Edmund (Zot)
  3 nagas (Zot)
  A water moccasin (Zot)
  4 ogres (Zot)
  A centaur (Zot)
  2 boggarts (Zot)
  Sigmund (Zot)
  Duvessa (Zot)
  3 giant frogs (Zot)
  6 insubstantial wisps (Zot)
  A troll zombie (Zot)
  6 wights (Zot)
  2 crimson imps (Zot)
  A giant frog skeleton (Zot)
  4 jellies (Zot)
  A goliath beetle (Zot)
  6 iguanas (Zot)
  An orc priest (Zot)
  5 worker ants (Zot)
  A hound (Zot)
  A gnoll shaman (Zot)
  2 orc wizards (Zot)
  A mottled dragon zombie (Zot)
  5 sheep (Zot)
  Terence (Zot)
  A mummy (Zot)
  8 adders (Zot)
  6 gnolls (Zot)
  10 green rats (Zot)
  4 giant mites (Zot)
  3 worms (Zot)
  4 giant geckos (Zot)
  7 oozes (Zot)
  13 orcs (Zot)
  6 ball pythons (Zot)
  5 giant cockroaches (Zot)
  11 hobgoblins (Zot)
  7 jackals (Zot)
  17 kobolds (Zot)
  10 quokkas (Zot)
  15 bats (Zot)
  3 giant newts (Zot)
  20 goblins (Zot)
  8 rats (Zot)
  4 butterflies (Zot)
247 creatures vanquished.

Vanquished Creatures (collateral kills)
  A slime creature (Zot)
  9 jellies (Zot)
  2 wights (Zot)
  2 adders (Zot)
  A bat (Zot)
  4 giant spores (Zot)
  A butterfly (Zot)
20 creatures vanquished.

Vanquished Creatures (others)
  A kobold (Zot)
  A giant spore (Zot)
  2 butterflies (Zot)
4 creatures vanquished.

Grand Total: 271 creatures vanquished

Notes
Turn   | Place    | Note
--------------------------------------------------------------
     0 | Zot      | hexophile, the Demonspawn Fighter, began the quest for the Orb.
     0 | Zot      | Reached XP level 1. HP: 18/18 MP: 1/1
   323 | Zot      | Noticed Kiotauc
   427 | Zot      | Noticed Vogh
   448 | Zot      | Gained mutation: You can steal the life force of nearby defeated enemies. [demonic ancestry]
   448 | Zot      | Reached XP level 2. HP: 24/24 MP: 2/2
   462 | Zot      | Reached XP level 3. HP: 29/29 MP: 3/3
   496 | Zot      | Reached XP level 4. HP: 35/35 MP: 4/4
   540 | Zot      | Gained mutation: You are slightly more attuned to the shadows. [demonic ancestry]
   540 | Zot      | Reached XP level 5. HP: 42/42 MP: 5/5
   556 | Zot      | Killed Kiotauc the worker ant
   556 | Zot      | Reached skill level 4 in Fighting
   615 | Zot      | Gained mutation: You have a pair of small antennae on your head. [demonic ancestry]
   615 | Zot      | Reached XP level 6. HP: 48/48 MP: 6/6
   626 | Zot      | Noticed Terence
   653 | Zot      | Killed Terence
   726 | Zot      | Reached skill level 5 in Axes
   744 | Zot      | Reached XP level 7. HP: 54/54 MP: 7/7
   781 | Zot      | Killed Vogh the crimson imp
   791 | Zot      | Became a worshipper of Warmaster Okawaru
   829 | Zot      | Reached skill level 6 in Axes
  1030 | Zot      | Noticed Sigmund
  1091 | Zot      | Reached skill level 7 in Axes
  1094 | Zot      | Killed Sigmund
  1094 | Zot      | Reached XP level 8. HP: 60/60 MP: 8/8
  1125 | Zot      | Reached skill level 8 in Axes
  1231 | Zot      | Noticed Duvessa
  1295 | Zot      | Killed Duvessa
  1295 | Zot      | Reached skill level 9 in Axes
  1332 | Zot      | Noticed Edmund
  1351 | Zot      | Killed Edmund
  1351 | Zot      | Acquired Okawaru's first power
  1498 | Zot      | Reached skill level 10 in Axes
  1498 | Zot      | Gained mutation: You are significantly more attuned to the shadows. [demonic ancestry]
  1498 | Zot      | Reached XP level 9. HP: 65/65 MP: 9/9
  1515 | Zot      | Noticed a slime creature
  1522 | Zot      | Noticed a slime creature
  1525 | Zot      | Reached skill level 11 in Axes
  1526 | Zot      | Noticed a slime creature
  1549 | Zot      | Killed a slime creature
  1549 | Zot      | Reached skill level 12 in Axes
  1552 | Zot      | Killed a slime creature
  1552 | Zot      | Gained mutation: You have a somewhat thin skeletal structure (Dex +2, Stealth). [demonic ancestry]
  1552 | Zot      | Reached XP level 10. HP: 71/71 MP: 10/10
  1570 | Zot      | Killed a slime creature
  1603 | Zot      | Reached skill level 13 in Axes
  1694 | Zot      | Noticed a moth of wrath
  1701 | Zot      | Noticed a purple ugly thing
  1712 | Zot      | Noticed a red ugly thing
  1719 | Zot      | Noticed a hill giant
  1725 | Zot      | Noticed a hill giant
  1725 | Zot      | Killed a purple ugly thing
  1728 | Zot      | Noticed a storm dragon
  1731 | Zot      | Noticed a storm dragon
  1733 | Zot      | Noticed a hill giant
  1736 | Zot      | Noticed Capahul
  1742 | Zot      | Reached skill level 14 in Axes
  1755 | Zot      | Killed a hill giant
  1755 | Zot      | Gained mutation: You are completely attuned to the shadows. [demonic ancestry]
  1755 | Zot      | Reached XP level 11. HP: 42/77 MP: 11/11
  1764 | Zot      | Killed Capahul the hill giant
  1801 | Zot      | Killed a red ugly thing
  1801 | Zot      | Reached skill level 15 in Axes
  1809 | Zot      | Killed a hill giant
  1822 | Zot      | Killed a hill giant
  1860 | Zot      | Acquired Okawaru's second power
  1948 | Zot      | Reached skill level 16 in Axes
  2037 | Zot      | Noticed Grum
  2051 | Zot      | Killed Grum
  2155 | Zot      | Noticed Etzoxaamm
  2218 | Zot      | Killed Etzoxaamm the naga sharpshooter
  2218 | Zot      | Reached XP level 12. HP: 83/83 MP: 12/12
  2356 | Zot      | Reached skill level 17 in Axes
  2374 | Zot      | Noticed Gastronok
  2419 | Zot      | Noticed an ogre mage
  2434 | Zot      | Killed an ogre mage
  2440 | Zot      | Noticed Joseph
  2450 | Zot      | Killed from afar by Gastronok

Action                   |  1- 3 |  4- 6 |  7- 9 | 10-12 || total
-------------------------+-------+-------+-------+-------++-------
Melee: War axe           |    55 |   211 |   277 |   480 ||  1023
 Abil: Make altar        |       |       |     1 |       ||     1
       Make grenades     |       |       |       |     2 ||     2
 Stab: Confused          |       |       |     3 |     3 ||     6
